AoeStats
← 文風

Black Forest

505984126Analyzed
1v1 RM · 20d ago on Sep 11, 2026· 26m 11s· 2 players
Game mode
Random Map
Map size
Tiny (2 player)
Population
200
Speed
Normal
Resources
Standard
Victory
Conquest
Starting age
Dark Age
Ending age
Imperial Age
RankedLock teamsTeams togetherTeam positionsShared explorationLock speedFull tech treeHidden civsTurbo modeCheats
Victory
Defeat
🇭🇰 Turks · Hong Kong SAR China
1442
+14
🇬🇷 Koreans · Greece
1394
-14
Doctor298
0:37 Loom
10:46 Feudal Age
12:28 Double-Bit Axe
17:31 Fletching
20:38 Castle Age
19:06 Stone Mining
20:11 Fletching
21:25 Bodkin Arrow
23:51 Bow Saw
25:22 Light Cavalry
文風
11:44 Feudal Age
12:42 Feudal Age
13:39 Double-Bit Axe
18:51 Castle Age
16:55 Gold Mining
23:21 Imperial Age
22:03 Padded Archer Armor
Connection lost

Rejoining the realm…

Still unreachable

The connection could not be restored.

Session expired

The server has moved on; the page needs a fresh start.